 Seeded DCSS version 0.29.1-15-g9cfb28693d (webtiles) character file.

Game seed: 3425090202442293766 (custom seed)

33 porpoise the Trooper (level 3, 24/24 HPs)
             Began as a Gargoyle Chaos Knight on Apr 2, 2023.
             Was a Plaything of Xom.
             Quit the game on level 1 of the Dungeon.
             The game lasted 00:02:33 (604 turns).

porpoise the Trooper (Gargoyle Chaos Knight)         Turns: 604, Time: 00:02:34

Health: 24/24      AC:  8    Str: 15    XL:     3   Next: 29%
Magic:  3/3        EV: 11    Int: 12    God:    Xom [..*...]
Gold:   56         SH:  0    Dex: 11    Spells: 2/2 levels left

rFire   . . .      SeeInvis .   a - +0 mace (chaos)
rCold   . . .      Faith    .   (no shield)
rNeg    + . .      Spirit   .   b - +2 leather armour
rPois   ∞          Reflect  .   (no helmet)
rElec   +          Harm     .   (no cloak)
rCorr   .          Rampage  .   (no gloves)
Will    .....                   (no boots)
Stlth   +.........              (no amulet)
HPRegen 0.08/turn               (no ring)
MPRegen 0.08/turn               (no ring)

@: no status effects
A: sickness immunity, AC +3, negative energy resistance 1, electricity
resistance, torment resistance 1, petrification resistance
a: Renounce Religion


You were on level 1 of the Dungeon.
You worshipped Xom.
You were a toy of Xom.
You visited 1 branch of the dungeon, and saw 1 of its levels.

You collected 56 gold pieces.

Inventory:

Hand Weapons
 a - a +0 mace of chaos (weapon)
Missiles
 j - 2 silver javelins
Armour
 b - a +2 leather armour (worn)
Jewellery
 i - an amulet of the acrobat
Scrolls
 h - a scroll of silence {unknown}
 l - a scroll of blinking {unknown}
Potions
 d - a potion of curing {unknown}
 e - 3 potions of heal wounds {unknown}
 f - a potion of berserk rage {unknown}
 g - a potion of invisibility {unknown}
 k - a potion of magic {unknown}
Miscellaneous
 c - a piece from Xom's chessboard (15/15) (quivered)


   Skills:
 + Level 3.9 Fighting
 + Level 3.5 Maces & Flails
 - Level 2.4 Armour
 - Level 1.0 Dodging


You had 2 spell levels left.
You didn't know any spells.
Your spell library was empty.

Dungeon Overview and Level Annotations

Branches:
Dungeon (1/15)

Altars:


Innate Abilities, Weirdness & Mutations

You are immune to sickness and miasma.
Your stone body is resilient. (AC +3)
You are immune to poison.
You resist negative energy. (rN+)
You are resistant to electric shocks. (rElec)
You are resistant to unholy torment.
You are immune to petrification.


Message History

HP restored.
You now have 56 gold pieces (gained 5).
You see here 5 stones.
You see here a rat skeleton.
Xom's power almost touches on you for a moment.
Your leather armour briefly grows fur, then returns to normal.
A ball python and a kobold come into view.
Found a scroll labelled OCSA GENAT.
The kobold shouts!
You hit the kobold.
You kill the kobold!
You closely miss the ball python.
The ball python bites you but does no damage.
The ball python grabs you. The ball python constricts you.
You hit the ball python but do no damage.
A giant cockroach comes into view.
The ball python barely misses you. The ball python constricts you.
The ball python bites you but does no damage.
The ball python constricts you.
You hit the ball python.
You kill the ball python!
The giant cockroach waves its antennae.
The giant cockroach barely misses you.
You hit the giant cockroach. You freeze the giant cockroach.
You kill the giant cockroach!
No target in view!
Things that are here:
a +0 club; a ball python corpse; a kobold corpse
l - a scroll labelled OCSA GENAT Save game and exit?
Welcome back, porpoise the Gargoyle Chaos Knight.
Game seed: 3425090202442293766 (custom seed) Xom snickers.
Press ? for a list of commands and other information.
Welcome back, porpoise the Gargoyle Chaos Knight.
Game seed: 3425090202442293766 (custom seed) Xom titters.
Press ? for a list of commands and other information.
Okay, then.
Are you sure you want to abandon this character and quit the game? (Confirm with "yes".)

#########.## ######
.# .# .....# .##.#
.###... ....## ..#
.... .## #..# .#
#..#
.###############..#
................@.#
.###############)##
.# #.........# .#
#.#########
.#######.#
..÷......#
########## # #


There were no monsters in sight!

Vanquished Creatures
  A dart slug (D:1)
  3 endoplasms (D:1)
  2 giant cockroaches (D:1)
  3 goblins (D:1)
  A hobgoblin (D:1)
  4 jackals (D:1)
  2 quokkas (D:1)
  4 ball pythons (D:1)
  A bat (D:1)
  A frilled lizard (D:1)
  3 kobolds (D:1)
  2 rats (D:1)
27 creatures vanquished.

Notes
Turn   | Place    | Note
-------+----------+-------------------------------------------
     0 | D:1      | porpoise the Gargoyle Chaos Knight began the quest for the
                  | Orb.
     0 | D:1      | Reached XP level 1. HP: 14/14 MP: 1/1
    81 | D:1      | Reached skill level 1 in Dodging
    81 | D:1      | Reached XP level 2. HP: 16/19 MP: 2/2
   117 | D:1      | Found a faded altar of an unknown god.
   361 | D:1      | XOM: cast spell 'Olgreb's Toxic Radiance'
   363 | D:1      | Reached XP level 3. HP: 22/24 MP: 3/3
   586 | D:1      | XOM: silly message
   604 | D:1      | Quit the game

Illustrated notes

Levels and vault maps discovered:
D:1:      minmay_arrival_loop, layout_loops_ring,
          ebering_ecumenical_altar_abandoned

Skill      XL: |  1 |
---------------+----+-----
Dodging        | 1 |  1.0
Fighting       | |  3.9
Maces & Flails | |  3.5
Armour         | |  2.4

Action                   || total
-------------------------++-------
Melee: Mace              ||    67
Armor: Leather armour    ||    30
Dodge: Dodged            ||    42
